 Dungeon Crawl Stone Soup version 0.27-a0-1202-ge72e49191c (webtiles) character file.

Game seed: 11234086016306030546

20265 hatdisgam the Grappler (level 12, -10/113 HPs)
             Began as a Troll Chaos Knight on June 3, 2021.
             Was a Plaything of Xom.
             Splashed by an oklob plant's acid (12 damage)
             ... on level 2 of the Lair of Beasts.
             The game lasted 00:23:32 (9820 turns).

hatdisgam the Grappler (Troll Chaos Knight)         Turns: 9820, Time: 00:23:32

Health: -10/113    AC: -3    Str: 27    XL:     12   Next: 43%
Magic:  0/11       EV: 12    Int: 10    God:    Xom [..*...]
Gold:   710        SH:  0    Dex: 11    Spells: 11/11 levels left

rFire    + . .     SeeInvis +     - Unarmed
rCold    + + .     Faith    .   (no shield)
rNeg     . . .     Spirit   +   a - +2 robe
rPois    +         Reflect  .   (helmet restricted)
rElec    .         Harm     .   j - +0 cloak
rCorr    .         Rampage  .   (gloves unavailable)
Will     .....                  (boots unavailable)
Stlth    +.........             H - amulet of guardian spirit
HPRegen  1.28/turn              d - ring of poison resistance
MPRegen  0.12/turn              e - ring of see invisible

@: corroded
A: large, unfitting armour, claws 3, regeneration 1, shaggy fur 1, tough skin 1,
iridescent scales 1, see invisible, agile 1, clever 1, cold resistance 2, fire
resistance 1, evolution 1, MP-powered wands
a: Renounce Religion


You were on level 2 of the Lair of Beasts.
You worshipped Xom.
You were a toy of Xom.
You visited 2 branches of the dungeon, and saw 12 of its levels.
You also visited: Ossuary.

You collected 710 gold pieces.

Inventory:

Missiles
 f - 335 stones
 h - 5 curare-tipped darts
 y - 2 javelins
 A - 12 poisoned darts
 G - 2 boomerangs (quivered)
 K - a throwing net
Armour
 a - a +2 robe (worn)
 j - a +0 cloak (worn)
 J - a +1 robe of cold resistance
Jewellery
 d - a ring of poison resistance (left claw)
 e - a ring of see invisible (right claw)
 H - an amulet of guardian spirit (around neck)
 M - a ring of protection from cold
Wands
 l - a wand of polymorph (6)
 w - a wand of acid (1)
 C - a wand of digging (7)
Scrolls
 b - a scroll of vulnerability
 g - 2 scrolls of teleportation
 k - 3 scrolls of enchant weapon {unknown}
 m - 3 scrolls of fear {unknown}
 o - a scroll of torment
 p - 3 scrolls of enchant armour {unknown}
 r - a scroll of brand weapon
 u - 3 scrolls of fog
 x - a scroll of immolation
 B - 2 scrolls of magic mapping
 I - 3 scrolls of blinking
Potions
 c - a potion of mutation {unknown}
 i - a potion of brilliance
 n - 6 potions of attraction
 q - 2 potions of lignification
 s - 2 potions of magic
 t - 5 potions of curing
 v - a potion of haste
 z - a potion of berserk rage {unknown}
 D - a potion of resistance {unknown}
 E - 2 potions of flight
 F - a potion of cancellation {unknown}
 L - a potion of invisibility {unknown}


   Skills:
 + Level 5.8 Fighting
 * Level 11.3 Throwing
 - Level 7.1 Dodging
 - Level 13.2 Unarmed Combat


You had 11 spell levels left.
You didn't know any spells.
Your spell library contained the following spells:

 Spells                   Type           Power      Damage    Failure   Level
 Beastly Appendage        Tmut           0%         N/A       36%         1
 Magic Dart               Conj           0%         1d3       36%         1
 Sandblast                Erth           0%         2d4       36%         1
 Blink                    Tloc           N/A        N/A       50%         2
 Call Imp                 Summ           0%         N/A       50%         2
 Passwall                 Tmut/Erth      0%         N/A       50%         2
 Slow                     Hex            0%         N/A       50%         2
 Wereblood                Tmut           0%         N/A       50%         2
 Conjure Flame            Conj/Fire      0%         6-21      75%         3
 Mephitic Cloud           Conj/Pois/Air  0%         N/A       75%         3
 Spider Form              Tmut/Pois      0%         N/A       75%         3
 Stone Arrow              Conj/Erth      0%         3d7       75%         3
 Ice Form                 Ice/Tmut       0%         N/A       98%         4
 Petrify                  Tmut/Erth      0%         N/A       98%         4
 Hydra Form               Tmut           0%         N/A       100%        5
 Lee's Rapid Deconstruct  Erth           0%         3d5*      100%        5


Dungeon Overview and Level Annotations

Branches:
Dungeon (10/15)            Temple (0/1) D:6            Lair (2/6) D:10
Ossuary (visited)
  Swamp: Lair:2-4    Shoals: Lair:2-4     Snake: Lair:2-4    Spider: Lair:2-4
    Orc: D:9-12

Altars:
Ashenzari
Cheibriados
Elyvilon
Fedhas
Gozag
Nemelex Xobeh
Trog
Uskayaw

Shops:
D:4 *

Annotations:
D:4 2 transporters, pigah's ghost, amateur OpWn
D:5 1 runed translucent door, pigah's ghost, novice OpWn
Lair:2 exclusion: 2 oklob plants


Innate Abilities, Weirdness & Mutations

You are too large for most types of armour.
You have claws for hands.
Your natural rate of healing is unusually fast.
You are covered in fur. (AC +1)
You have tough skin. (AC +1)
You are partially covered in iridescent scales. (AC +2)
You have supernaturally acute eyesight. (SInv)
You are agile. (Dex +2)
Your mind is acute. (Int +2)
Your flesh is very cold resistant. (rC++)
Your flesh is heat resistant. (rF+)
You evolve.
You expend magic power (3 MP) to strengthen your wands.


Message History

Marking area around an oklob plant as unsafe for travelling.
Found 15 gold pieces.
Unknown command.
You start resting.
Magic restored.
You start resting.
HP restored.
You start waiting.
You are no longer corroded.
Really walk into a travel-excluded area?
The oklob plant spits acid at you. The splash of acid hits you!
You are splashed with acid!
The oklob plant spits acid at you. The splash of acid hits you!
You are splashed with acid!
Unknown command.
You claw the oklob plant!
The oklob plant is lightly damaged.
You scratch the oklob plant.
The oklob plant is lightly damaged.
You claw the oklob plant!
The oklob plant is heavily damaged.
You claw the oklob plant!
The oklob plant is severely damaged.
You scratch the oklob plant.
The oklob plant is severely damaged.
The oklob plant spits acid at you. The splash of acid hits you.
The acid corrodes you!
You are splashed with acid!
The oklob plant spits acid at you. The splash of acid hits you!
The acid corrodes you!
You are splashed with acid!
The oklob plant spits acid at you. The splash of acid hits you!
* * * LOW HITPOINT WARNING * * *
The acid corrodes you!
You are splashed with acid!
* * * LOW HITPOINT WARNING * * *
The oklob plant spits acid at you. The splash of acid hits you!
* * * LOW HITPOINT WARNING * * *
You are splashed with acid!
You die...
Xom bursts into laughter!

##..#####....>.8# #.
#.## ###.....# #.
#.## #..#..#### ♣..#
#.[#....## ♣♣♣♣
♣♣♣#..##..÷#.
♣♣♣♣♣♣♣.♣♣.P##.....
♣♣.$P♣♣.♣.♣.#####...
♣$_.♣♣♣♣.♣♣♣# #...
♣$.@.♣♣.♣.♣♣########
♣P♣♣.♣.♣♣.♣..##.###.
♣♣ ♣♣.♣.♣♣..####....
♣♣.♣♣♣♣...##..## ♣♣♣
##..#..### ##.#...##
S ##.#..## #...#.#
##.#..###


You could see 2 oklob plants.

Vanquished Creatures
  Fannar (D:10)
  4 hydras
  A centaur warrior (D:10)
  A two-headed ogre (D:10)
  Pikel (D:5)
  2 black mambas (Lair:2)
  2 komodo dragons
  3 cane toads
  A rime drake (Lair:2)
  A slime creature (D:7)
  5 blink frogs (Lair:2)
  A meliai zombie (D:8)
  Sigmund (D:5)
  23 yaks
  A vampire (D:9)
  3 wyverns
  A wraith (D:9)
  2 steam dragons
  2 wargs (D:9)
  4 water moccasins
  A black bear (D:6)
  6 orc warriors
  A sky beast (D:6)
  2 ogres
  2 ice beasts (D:8)
  A necrophage (D:6)
  4 wolves (Lair:2)
  7 centaurs
  3 phantoms
  2 kobold brigands
  An elf zombie (Ossuary)
  8 bullfrogs
  2 scorpions
  A water moccasin zombie (D:5)
  A water moccasin skeleton (D:7)
  7 killer bees
  3 wights (D:9)
  8 howler monkeys
  An electric eel (D:7)
  5 centaur zombies
  A bullfrog zombie (D:6)
  2 hounds (D:6)
  10 orc priests
  Crazy Yiuf (D:2)
  2 bullfrog skeletons (D:5)
  3 human zombies (Ossuary)
  A centaur skeleton (D:6)
  A gnoll shaman (D:7)
  Terence (D:2)
  9 orc wizards
  3 iguanas (D:6)
  2 hound zombies (Ossuary)
  A hound skeleton (D:4)
  3 mummies (Ossuary)
  Robin (D:2)
  2 adders
  A white imp (D:7)
  An ufetubus (D:4)
  3 adder zombies
  2 worms
  3 dart slugs
  27 orcs
  8 endoplasms
  4 giant cockroaches
  11 goblins
  7 hobgoblins
  5 jackals
  A quokka (D:5)
  2 ball pythons
  7 bats
  3 frilled lizards
  5 gnoll zombies (Ossuary)
  2 goblin zombies (Ossuary)
  6 hobgoblin zombies (Ossuary)
  4 jackal zombies (Ossuary)
  12 kobolds
  3 kobold zombies (Ossuary)
  An orc zombie (Ossuary)
  4 quokka zombies (Ossuary)
  2 rats
  3 rat zombies (Ossuary)
296 creatures vanquished.

Vanquished Creatures (collateral kills)
  Nergalle (D:10)
  4 yaks
  A wolf (Lair:2)
  2 centaur zombies
  An orc priest (D:9)
  An iron imp (D:5)
  3 adders (D:3)
  A giant cockroach (D:3)
  A hobgoblin (D:3)
  3 kobolds
18 creatures vanquished.

Vanquished Creatures (others)
  A dancing weapon (D:10)
  A lemure (D:5)
  5 fungi
  18 plants
25 creatures vanquished.

Grand Total: 339 creatures vanquished

Notes
Turn   | Place    | Note
-------+----------+-------------------------------------------
     0 | D:1      | hatdisgam the Troll Chaos Knight began the quest for the
                  | Orb.
     0 | D:1      | Reached XP level 1. HP: 22/22 MP: 0/0
   126 | D:1      | Reached XP level 2. HP: 29/29 MP: 1/1
   329 | D:1      | Reached skill level 1 in Throwing
   454 | D:1      | XOM: smoke on damage
   456 | D:1      | Reached XP level 3. HP: 31/36 MP: 2/2
   773 | D:2      | XOM: silly message
   823 | D:2      | Found a runed translucent door.
   824 | D:2      | Noticed Crazy Yiuf
   883 | D:2      | Noticed Terence
   886 | D:2      | XOM: smoke on damage
   889 | D:2      | Killed Terence
   890 | D:2      | Reached skill level 4 in Unarmed Combat
  1143 | D:2      | Reached XP level 4. HP: 44/44 MP: 3/3
  1146 | D:2      | Noticed Robin
  1164 | D:2      | Killed Robin
  1217 | D:2      | Found a sparkling altar of Nemelex Xobeh.
  1370 | D:2      | Killed Crazy Yiuf
  1449 | D:3      | XOM: confusion
  1454 | D:3      | XOM: summons friendly quasit
  1460 | D:3      | Reached XP level 5. HP: 46/50 MP: 4/4
  1916 | D:4      | Found a transporter.
  1918 | D:4      | Found a transporter.
  1919 | D:4      | Noticed pigah's ghost (amateur OpWn)
  2011 | D:4      | Found Xidgh's Lightly-Used Armoury.
  2051 | D:4      | Reached skill level 5 in Unarmed Combat
  2220 | D:4      | Noticed a phantom
  2231 | D:4      | XOM: swap monsters
  2235 | D:4      | Killed a phantom
  2236 | D:4      | Reached XP level 6. HP: 55/59 MP: 5/5
  2242 | D:4      | Found a hide-covered altar of Uskayaw.
  2244 | D:4      | Found a snail-covered altar of Cheibriados.
  2245 | D:4      | Found a broken altar of Ashenzari.
  2375 | D:5      | Entered Level 5 of the Dungeon
  2375 | D:5      | Noticed Sigmund
  2378 | D:5      | XOM: enchant monster (bad)
  2388 | D:5      | Killed Sigmund
  2412 | D:5      | XOM: summons 4 hostile demons
  2482 | D:5      | Reached skill level 6 in Unarmed Combat
  2482 | D:5      | Reached XP level 7. HP: 62/66 MP: 6/6
  2512 | D:5      | XOM: give mutations
  2512 | D:5      | Gained mutation: You are somewhat resistant to further
                  | mutation. [Xom's mischief]
  2512 | D:5      | Gained mutation: You are clumsy. (Dex -2) [Xom's mischief]
  2888 | D:5      | XOM: summons 1 hostile demon
  2954 | D:5      | Found a runed translucent door.
  2967 | D:5      | Noticed pigah's ghost (novice OpWn)
  3105 | D:5      | Noticed Pikel
  3105 | D:5      | XOM: polymorph lemure -> iron imp
  3108 | D:5      | XOM: enchant monster (bad)
  3119 | D:5      | XOM: 3-stop teleportation journey
  3266 | D:5      | XOM: silly message
  3277 | D:5      | XOM: divine lightning
  3287 | D:5      | Killed Pikel
  3288 | D:5      | Reached skill level 7 in Unarmed Combat
  3288 | D:5      | Reached XP level 8. HP: 45/74 MP: 7/7
  3490 | D:5      | XOM: summons 5 hostile demons
  3634 | D:6      | XOM: confusion
  3647 | D:6      | Reached skill level 8 in Unarmed Combat
  3696 | D:6      | Found a staircase to the Ecumenical Temple.
  3751 | D:6      | XOM: summons friendly quasit
  3793 | D:6      | XOM: give mutation
  3793 | D:6      | Lost mutation: You are somewhat resistant to further
                  | mutation. [Xom's grace]
  3793 | D:6      | Gained mutation: You evolve. [Xom's grace]
  3986 | D:6      | XOM: smoke on damage
  3995 | D:6      | Reached skill level 5 in Dodging
  4047 | D:6      | XOM: scenery: summon butterflies
  4051 | D:6      | Reached skill level 5 in Throwing
  4061 | D:6      | XOM is BORED!
  4061 | D:6      | XOM: give mutations
  4061 | D:6      | Gained mutation: You are dopey. (Int -2) [Xom's mischief]
  4061 | D:6      | Lost mutation: You are dopey. (Int -2) [Xom's mischief]
  4077 | D:6      | XOM: give mutations
  4077 | D:6      | Lost mutation: You evolve. [Xom's grace]
  4077 | D:6      | Gained mutation: You are somewhat resistant to further
                  | mutation. [Xom's grace]
  4077 | D:6      | Gained mutation: You have a pair of small antennae on your
                  | head. [Xom's grace]
  4077 | D:6      | Gained mutation: You have supernaturally acute eyesight.
                  | (SInv) [Xom's grace]
  4082 | D:6      | XOM: give mutations
  4082 | D:6      | Gained mutation: Your flesh is cold resistant. (rC+) [Xom's
                  | grace]
  4082 | D:6      | Lost mutation: You are somewhat resistant to further
                  | mutation. [Xom's grace]
  4082 | D:6      | Gained mutation: You evolve. [Xom's grace]
  4082 | D:6      | Lost mutation: You are clumsy. (Dex -2) [Xom's grace]
  4082 | D:6      | Gained mutation: Your mind is acute. (Int +2) [Xom's grace]
  4100 | D:6      | Reached skill level 9 in Unarmed Combat
  4100 | D:6      | Reached XP level 9. HP: 55/80 MP: 8/8
  4269 | D:6      | XOM: give mutations
  4269 | D:6      | Lost mutation: Your mind is acute. (Int +2) [Xom's
                  | mischief]
  4269 | D:6      | Gained mutation: Your flesh is very cold resistant. (rC++)
                  | [Xom's mischief]
  4269 | D:6      | Gained mutation: You are weak. (Str -2) [Xom's mischief]
  4269 | D:6      | Lost mutation: You have a pair of small antennae on your
                  | head. [Xom's mischief]
  4326 | D:7      | XOM: swap monsters
  4384 | D:7      | XOM: cleaving
  4401 | D:7      | Identified the +9 hand axe of Inconvenience {pain, Stlth+}
  4403 | D:7      | XOM: potion effect (brilliance)
  4407 | D:7      | Noticed a tengu warrior
  4411 | D:7      | Noticed a death knight
  4424 | D:7      | XOM: potion effect (curing)
  4430 | D:7      | XOM: silly message
  4483 | D:7      | XOM: potion effect (curing)
  4485 | D:7      | Reached skill level 10 in Unarmed Combat
  4493 | D:7      | XOM: potion effect (heal wounds)
  4608 | D:7      | XOM: noise
  4672 | D:8      | Found a sand-covered staircase.
  4690 | Ossuary  | Entered an ossuary
  4744 | Ossuary  | XOM: silly message
  4794 | Ossuary  | Lost mutation: You are weak. (Str -2) [evolution]
  4959 | Ossuary  | Reached XP level 10. HP: 86/88 MP: 9/9
  5001 | D:8      | Found a white marble altar of Elyvilon.
  5079 | D:8      | XOM: divination: detect creatures
  5293 | D:8      | XOM: noise
  5331 | D:8      | Reached skill level 11 in Unarmed Combat
  5515 | D:8      | XOM: 3-stop teleportation journey
  5536 | D:9      | XOM: silly message
  5543 | D:9      | XOM: cast spell 'Summon Mana Viper'
  5640 | D:9      | XOM: cast spell 'Dispersal'
  5843 | D:9      | Found a bloodstained altar of Trog.
  6266 | D:10     | XOM: noise
  6266 | D:10     | Entered Level 10 of the Dungeon
  6270 | D:10     | XOM: confuse monster(s)
  6295 | D:9      | Reached skill level 12 in Unarmed Combat
  6300 | D:9      | XOM: enchant monster (good)
  6458 | D:10     | Reached XP level 11. HP: 82/97 MP: 7/10
  6558 | D:10     | Noticed Nergalle
  6558 | D:10     | XOM: silly message
  6560 | D:10     | Noticed a two-headed ogre
  6570 | D:10     | HP: 4/90 [two-headed ogre/+0 giant club (17)]
  6595 | D:10     | XOM: scenery: summon butterflies
  6612 | D:10     | XOM: noise
  6728 | D:10     | Noticed a centaur warrior
  6729 | D:10     | XOM: potion effect (magic)
  6731 | D:10     | XOM: confuse monster(s)
  6751 | D:9      | XOM: cloud trail
  6806 | D:9      | XOM: cast spell 'Dispersal'
  6875 | D:10     | Killed Nergalle
  6892 | D:10     | Killed a two-headed ogre
  6977 | D:10     | Noticed Fannar
  6990 | D:10     | Killed Fannar
  7061 | D:10     | Killed a centaur warrior
  7066 | D:10     | XOM: summons friendly crimson imp
  7068 | D:10     | Reached skill level 13 in Unarmed Combat
  7287 | D:10     | XOM is BORED!
  7289 | D:10     | Found a staircase to the Lair.
  7354 | D:10     | Found an opulent altar of Gozag.
  7433 | D:10     | XOM: god gift: potion of curing
  7452 | Lair:1   | XOM: noise
  7452 | Lair:1   | Entered Level 1 of the Lair of Beasts
  7626 | Lair:1   | XOM: divination: detect items
  7806 | Lair:1   | Noticed an eight-headed hydra
  7911 | Lair:1   | XOM: noise
  7925 | Lair:1   | XOM: summons 11 friendly demons
  8000 | Lair:1   | XOM: summons friendly crimson imp
  8005 | Lair:1   | XOM: blink monster(s)
  8010 | Lair:1   | XOM: polymorph crimson imp -> ynoxinul
  8292 | Lair:1   | Noticed a five-headed hydra
  8308 | Lair:1   | Killed a five-headed hydra
  8443 | Lair:1   | Killed an eight-headed hydra
  8444 | Lair:1   | Reached skill level 10 in Throwing
  8444 | Lair:1   | Reached XP level 12. HP: 43/109 MP: 4/11
  8485 | Lair:1   | XOM: noise
  8487 | Lair:1   | XOM: give mutations
  8487 | Lair:1   | Gained mutation: Your mind is acute. (Int +2) [Xom's grace]
  8487 | Lair:1   | Gained mutation: You expend magic power (3 MP) to
                  | strengthen your wands. [Xom's grace]
  8487 | Lair:1   | Gained mutation: You are agile. (Dex +2) [Xom's grace]
  8565 | Lair:1   | XOM: give mutations
  8565 | Lair:1   | Gained mutation: You are partially covered in iridescent
                  | scales. (AC +2) [Xom's grace]
  8565 | Lair:1   | Gained mutation: Your flesh is heat resistant. (rF+) [Xom's
                  | grace]
  8830 | Lair:2   | XOM: cast spell 'Shadow Creatures'
  8912 | Lair:2   | XOM: god gift: scroll labelled ENILOHEQYB {god gift}
  8962 | Lair:2   | XOM: scenery: summon butterflies
  8966 | Lair:2   | XOM: divination: detect creatures
  8992 | Lair:2   | Reached skill level 5 in Fighting
  9006 | Lair:2   | XOM: fake destruction
  9010 | Lair:2   | XOM: confuse monster(s)
  9125 | Lair:2   | XOM: 2-stop teleportation journey
  9141 | Lair:2   | XOM: 1-stop teleportation journey
  9143 | Lair:2   | XOM: summons 12 friendly demons
  9146 | Lair:2   | XOM: polymorph shadow imp -> quasit
  9242 | Lair:2   | Noticed a four-headed hydra
  9242 | Lair:2   | XOM: enchant monster (good)
  9252 | Lair:2   | Killed a four-headed hydra
  9356 | Lair:2   | Noticed a four-headed hydra
  9357 | Lair:2   | XOM: summons friendly crimson imp
  9365 | Lair:2   | Killed a four-headed hydra
  9647 | Lair:2   | XOM: silly message
  9793 | Lair:2   | Found a blossoming altar of Fedhas.
  9820 | Lair:2   | HP: 2/113 [oklob plant/splash of acid (9)]
  9820 | Lair:2   | Splashed by an oklob plant's acid

Illustrated notes

Levels and vault maps discovered:
D:1:      lemuel_arrival_room, layout_basic
D:2:      layout_loops_cross, basic_altar, minmay_misc_feat_alley,
          uniq_crazy_yiuf_cottage, uniq_robin, uniq_terence
D:3:      layout_rooms, feat_on_display
D:4:      layout_basic, chequers_temple_overflow_statue_of_worship,
          gammafunk_ghost_mausoleum, minmay_shop_damaged
D:5:      layout_layer_cave, ebering_ghost_sewer_d, uniq_pikel, uniq_sigmund
D:6:      layout_basic, minmay_temple_entry_large_hall,
          minmay_misc_feat_enclosed
D:7:      minmay_the_grid_four_pointed_star
          [minmay_the_grid_triangle_9x9_intruding_spiral,
          minmay_the_grid_triangle_9x9_longest,
          minmay_the_grid_triangle_9x9_corruption,
          minmay_the_grid_triangle_9x9_skeleton,
          minmay_the_grid_prize_diamond_cup], layout_rooms, serial_bayou,
          serial_bayou_crossing, serial_bayou_ford_a, serial_bayou_pond_e,
          serial_bayou_pond_d, nicolae_underground_beach
D:8:      layout_basic, elyvilon_altar_1, nicolae_ossuary_entry_monument
D:9:      layout_cave_pools, lemuel_doored_altar, nicolae_straight_to_the_point
D:10:     layout_cave_pools, grunt_gozag_breadcrumbs, erik_lair_orcish_takeover,
          uniq_fannar, uniq_nergalle
Lair:1:   layout_cave_pods, gauntlet_entry_generic
Lair:2:   layout_loops_ring, hangedman_tree_tricks, grunt_megastairs_5

Skill      XL: |  1  2  3  4  5  6  7  8  9 10 11 12 |
---------------+-------------------------------------+-----
Dodging        | 2 3 4 5 6 7 |  7.1
Throwing       | 1 2 3 4 5 6 7 10 11 | 11.3
Unarmed Combat | 4 5 6 7 9 10 12 13 | 13.2
Fighting       | 3 4 5 |  5.8

Action                   |  1- 3 |  4- 6 |  7- 9 | 10-12 || total
-------------------------+-------+-------+-------+-------++-------
Melee: Unarmed           |    69 |   174 |   344 |   481 ||  1068
       Punch             |     1 |     3 |    14 |    28 ||    46
Throw: Boomerang         |       |       |       |    33 ||    33
Evoke: Wand              |       |       |     1 |     3 ||     4
  Use: Scroll            |       |     4 |     2 |    16 ||    22
       Potion            |       |       |     2 |     4 ||     6
 Stab: Sleeping          |       |     1 |     1 |     2 ||     4
       Confused          |       |       |     1 |       ||     1
Armor: Robe              |    25 |    81 |   124 |   209 ||   439
Dodge: Dodged            |    26 |    93 |   162 |   301 ||   582

Table legend: (Time is in decaauts)
 A = Elapsed time spent in this place.
 B = Non-inter-level travel time spent in this place.
 C = Inter-level travel time spent in this place.
 D = Time resting spent in this place.
 E = Time spent auto-exploring this place.
 F = Levels seen in this place.
 G = Mean time per level.
                   A        B        C        D        E       F      G
               +--------+--------+--------+--------+--------+-----+--------+
         Total |   9628 |   9363 |    265 |    581 |   6752 |  13 |  740.6 |
       Dungeon |   7044 |   6801 |    243 |    454 |   4770 |  10 |  704.4 |
          Lair |   2300 |   2279 |     21 |    127 |   1830 |   2 | 1150.0 |
       Ossuary |    284 |    284 |      0 |      0 |    152 |   1 |  284.0 |
               +--------+--------+--------+--------+--------+-----+--------+

Top non-repeatable levels by time:
  Lair:1: 1388 daAuts
     D:5: 1182 daAuts
     D:9: 974 daAuts
  Lair:2: 911 daAuts
    D:10: 817 daAuts
     D:6: 814 daAuts
     D:1: 739 daAuts
     D:2: 683 daAuts
     D:8: 630 daAuts
     D:4: 468 daAuts
     D:3: 466 daAuts
 Ossuary: 284 daAuts
     D:7: 267 daAuts
